 Dungeon Crawl Stone Soup version 0.30-a0-845-g7c6808c8ce (webtiles) character file.

Game seed: 7438034624135437026

2129 jimonade the Magician (level 9, -8/62 HPs)
             Began as a Djinni Warper on Mar 3, 2023.
             Was a Believer of Okawaru.
             Killed by divine providence
             ... invoked by an orc priest
              (15 damage)
             ... on level 7 of the Dungeon.
             The game lasted 00:24:45 (6847 turns).

jimonade the Magician (Djinni Warper)               Turns: 6847, Time: 00:24:46

Health: -8/62      AC:  5    Str: 14    XL:     9   Next: 55%
Gold:   373        EV: 19    Int: 16    God:    Okawaru [**....] SH:  0 Dex: 14

rFire   + + .      SeeInvis .    a - +3 whip (protect)
rCold   + . .      Faith    .    (no shield)
rNeg    . . .      Spirit   .    D - +0 robe of Experimentation {rC+ Regen+ Int+2}
rPois   ∞          Reflect  .    w - +1 helmet
rElec   .          Rampage  .    x - scarf {shadows}
rCorr   .                        e - +0 pair of gloves
Will    .....                    (boots unavailable)
Stlth   ++                       (no amulet)
HPRegen 1.10/turn                O - +5 ring of evasion
MPRegen 0.00/turn                g - ring of protection from cold

@: flying
A: sickness immunity, fire resistance 2, cold vulnerability 1, float, innate
caster, HP casting, extra vitality 1
a: Renounce Religion, Heroism


You were on level 7 of the Dungeon.
You worshipped Okawaru.
Okawaru was pleased with you.
You visited 2 branches of the dungeon, and saw 8 of its levels.
You also visited: Sewer and Bailey.

You collected 373 gold pieces.

Inventory:

Hand Weapons
 a - a +3 whip of protection (weapon)
 b - a +1 flail of draining
 l - a +0 antimagic dagger
 F - a +3 halberd
 G - a +2 short sword of flaming
Missiles
 d - 5 boomerangs of dispersal
 f - 36 stones
 t - 35 poisoned darts
Armour
 e - a +0 pair of gloves (worn)
 j - a +0 ring mail
 k - a +0 leather armour
 w - a +1 helmet (worn)
 x - a scarf of shadows (worn)
 D - the +0 robe of Experimentation (worn) {rC+ Regen+ Int+2}
   (You found it on level 4 of the Dungeon)

   Int:       It affects your intelligence (+2).
   rC:        It protects you from cold.
   Regen:     It increases your rate of health regeneration.
 H - a +0 chain mail
 N - a +0 buckler
Magical Staves
 S - a staff of death
Jewellery
 g - a ring of protection from cold (right hand)
 m - a +6 ring of intelligence
 s - a ring of fire
 O - a +5 ring of evasion (left hand)
Wands
 C - a wand of iceblast (10)
Scrolls
 c - a scroll of blinking
 o - a scroll of fog
 q - a scroll of poison
 u - 4 scrolls of enchant armour
 y - a scroll of fear
 A - 3 scrolls of teleportation
 K - a scroll of identify
 M - a scroll of enchant weapon
Potions
 h - 3 potions of cancellation
 i - 6 potions of invisibility
 n - 2 potions of magic {unknown}
 p - 10 potions of curing
 r - 5 potions of mutation {unknown}
 v - 4 potions of resistance
 z - 5 potions of heal wounds
 B - 2 potions of brilliance {unknown}
 E - 2 potions of lignification {unknown}
 I - 3 potions of might {unknown}
 J - 3 potions of haste {unknown}
 L - a potion of flight {unknown}


   Skills:
 + Level 4.0 Fighting
 - Level 1.7 Short Blades
 + Level 4.8 Maces & Flails
 + Level 1.0 Throwing
 + Level 2.4 Armour
 + Level 4.8 Dodging
 + Level 1.6 Stealth
 * Level 6.7 Spellcasting
 + Level 0.1 Evocations


You knew the following spells:

 Your Spells              Type           Power      Damage    Failure   Level
a - Blink                 Tloc           54%        N/A       1%          2
b - Lesser Beckoning      Tloc           54%        N/A       1%          2
c - Vhi's Electric Charg  Tloc/Air       54%        N/A       2%          3
d - Teleport Other        Tloc           27%        N/A       2%          3
e - Manifold Assault      Tloc           27%        N/A       8%          4
f - Slow                  Hex            100%       N/A       1%          1
g - Searing Ray           Conj           54%        2d6       1%          2
h - Swiftness             Air            27%        N/A       2%          3
i - Kindle Blastsparks    Fire/Tloc/Air  54%        2d14      2%          3
Your spell library was empty.

Dungeon Overview and Level Annotations

Branches:
Dungeon (7/15)             Temple (1/1) D:5           Sewer (visited)
 Bailey (visited)

Altars:
Ashenzari
Cheibriados
Dithmenos
Elyvilon
Fedhas
Gozag
Hepliaklqana
Makhleb
Nemelex Xobeh
Okawaru
Trog
Uskayaw
Wu Jian
Xom
Yredelemnul
Zin

Shops:
D:7 =


Innate Abilities, Weirdness & Mutations

You are immune to sickness and miasma.
You are immune to poison.
Your flesh is very heat resistant. (rF++)
You are vulnerable to cold. (rC-)
You float through the air rather than walking.
You learn spells naturally, not from books.
Your magical power is your life essence.
You have superior vitality. (+4 MHP)


Message History

Deactivating autopickup; reactivate with Ctrl-A.
The orc hits you but does no damage.
You hit the orc priest but do no damage.
The orc priest is moderately wounded.
The orc priest mumbles some strange prayers to Beogh against you.
Pain shoots through your body! Something completely misses you.
The orc closely misses you.
You hit the orc priest.
The orc priest is heavily wounded.
You closely miss the orc priest.
You punch the orc priest, but do no damage.
The orc priest is heavily wounded.
The orc priest closely misses you. Something hits you but does no damage.
The orc completely misses you.
You hit the orc priest.
The orc priest is severely wounded.
The orc priest hits you but does no damage.
Something hits you but does no damage. The orc hits you with a +0 hand axe.
You barely miss the orc priest.
The orc priest is severely wounded.
The orc priest mumbles some strange prayers to Beogh against you.
Beogh smites you!
* * * LOW HITPOINT WARNING * * *
Something hits you but does no damage. The orc misses you.
Casting: Searing Ray (safe; 1% risk of failure)
Confirm with . or Enter, or press ? or * to list all spells.
You blink.
* * * LOW HITPOINT WARNING * * *
The orc priest mumbles some strange prayers to Beogh against you.
Pain shoots through your body!
* * * LOW HITPOINT WARNING * * *
The orc priest mumbles some strange prayers to Beogh against you.
Pain shoots through your body!
* * * LOW HITPOINT WARNING * * *
You feel stable enough to blink again.
A magic dart appears from out of thin air!
The magic dart hits you but does no damage.
The orc priest mumbles some strange prayers to Beogh against you.
Beogh smites you!
You die...

...........^..........#
......................#
......................#
......................#
......................#
########..............######
.......#...................#
.......#...>...............#
.......######...@...o......#
............#..............#
#.##...##...#..............#
#.####'##...##########o....#
.......##...##.......#.....#
.......#######.......#.....#
.....................#.....#
.....................#)....#
.....................#)....#


You could see an orc priest and an orc.

Vanquished Creatures
  Maggie (D:7)
  A water moccasin (D:7)
  A sky beast (D:7)
  An orc warrior (Bailey)
  2 ogres (D:5)
  2 centaurs (D:7)
  A kobold brigand (D:7)
  3 scorpions
  4 crimson imps (D:5)
  3 hounds
  5 jellies
  2 orc priests
  A sleepcap (D:6)
  2 iguanas
  An orc wizard (D:6)
  15 gnolls
  6 adders
  5 river rats (Sewer)
  2 white imps (D:7)
  An ufetubus (D:6)
  2 worms
  5 dart slugs
  16 orcs
  11 ball pythons
  5 bats
  16 endoplasms
  12 giant cockroaches
  5 hobgoblins
  4 jackals (D:2)
  14 kobolds
  10 quokkas
  7 frilled lizards
  9 goblins
  8 rats
183 creatures vanquished.

Notes
Turn   | Place    | Note
-------+----------+-------------------------------------------
     0 | D:1      | jimonade the Djinni Warper began the quest for the Orb.
     0 | D:1      | jimonade set off with the following spells memorised:
                  | Blink, Lesser Beckoning, Vhi's Electric Charge, Teleport
                  | Other, Manifold Assault.
     0 | D:1      | Reached XP level 1. HP: 18/18 MP: 0/0
   172 | D:1      | Reached skill level 1 in Throwing
   172 | D:1      | Reached XP level 2. HP: 23/23 MP: 0/0
   331 | D:1      | Reached XP level 3. HP: 27/28 MP: 0/0
   331 | D:1      | Learned a level 1 spell: Slow
   554 | D:1      | Reached skill level 3 in Spellcasting
   694 | D:2      | Found a shimmering altar of Xom.
  1016 | D:2      | Reached skill level 1 in Maces & Flails
  1440 | D:1      | Reached XP level 4. HP: 17/34 MP: 0/0
  1836 | D:3      | Found an ornate altar of the Wu Jian Council.
  1975 | D:3      | Reached XP level 5. HP: 33/39 MP: 0/0
  1975 | D:3      | Learned a level 2 spell: Searing Ray
  2727 | D:4      | Identified the +0 robe of Experimentation {rC+ Regen+
                  | Int+2}
  2824 | D:4      | Reached XP level 6. HP: 40/45 MP: 0/0
  2897 | D:4      | Found a snail-covered altar of Cheibriados.
  3297 | D:5      | Entered Level 5 of the Dungeon
  3326 | D:5      | Found a staircase to the Ecumenical Temple.
  3334 | Temple   | Entered the Ecumenical Temple
  3531 | Temple   | Became a worshipper of Warmaster Okawaru
  3682 | D:5      | Noticed an ogre
  3689 | D:5      | Killed an ogre
  3690 | D:5      | Reached XP level 7. HP: 49/50 MP: 0/0
  3690 | D:5      | Learned a level 3 spell: Swiftness
  3744 | D:5      | Found a shimmering altar of Xom.
  3762 | D:5      | Reached skill level 4 in Spellcasting
  4061 | D:5      | Reached * piety under Okawaru
  4228 | D:5      | Reached XP level 8. HP: 56/56 MP: 0/0
  4403 | D:6      | Found a glowing drain.
  4425 | Sewer    | Entered a sewer
  4638 | Sewer    | Reached skill level 5 in Spellcasting
  4726 | Sewer    | Found a viscous altar of Jiyva.
  4867 | D:6      | Reached skill level 1 in Stealth
  4961 | D:6      | Found a glowing silver altar of Zin.
  5630 | D:7      | Found Nuipn's Jewellery Boutique.
  5648 | D:7      | Noticed Maggie
  5681 | D:7      | Killed Maggie
  5694 | D:7      | Reached ** piety under Okawaru
  5695 | D:7      | Reached XP level 9. HP: 52/62 MP: 0/0
  5695 | D:7      | Learned a level 3 spell: Kindle Blastsparks
  5743 | D:7      | Reached skill level 6 in Spellcasting
  5793 | D:7      | Found a flagged portal.
  5803 | Bailey   | Entered a bailey
  6843 | D:7      | HP: 3/62 [orc priest/nerve-wracking pain (2)]
  6847 | D:7      | Killed from afar by an orc priest

Illustrated notes

Levels and vault maps discovered:
D:1:      wander_arrival_estate, layout_rooms
D:2:      layout_basic, basic_altar, minivault_14
D:3:      layout_basic, mainiacjoe_overflow_24_doors
D:4:      layout_rooms, kennysheep_slug_shrine
D:5:      layout_rooms, led_xom_imps, minmay_temple_entry_grid
D:6:      layout_basic, zin_academy, gup_sewer_entry_pipe
D:7:      layout_gridville, nicolae_qazlal_eye_of_the_storm, enter_bailey_5,
          serial_shops, shop, uniq_maggie
Temple:   eino_temple_water

Skill      XL: |  1  2  3  4  5  6  7  8  9 |
---------------+----------------------------+-----
Throwing       | 1 |  1.0
Spellcasting   | 3 4 5 6 |  6.7
Maces & Flails | 1 2 3 4 |  4.8
Armour         | 2 |  2.4
Fighting       | 3 4 |  4.0
Dodging        | 3 4 |  4.8
Stealth        | 1 |  1.6
Short Blades   | |  1.7
Evocations     | |  0.1

Action                     |  1- 3 |  4- 6 |  7- 9 || total
---------------------------+-------+-------+-------++-------
  Melee: Short sword       |    11 |       |       ||    11
         Whip              |    77 |   156 |   260 ||   493
         Punch             |     2 |     4 |     3 ||     9
  Throw: Boomerang         |       |       |     2 ||     2
   Cast: Slow              |     5 |    26 |    44 ||    75
         Searing Ray       |       |     2 |    54 ||    56
         Manifold Assault  |       |       |    16 ||    16
         Blink             |       |       |     1 ||     1
  Evoke: Wand              |       |       |     3 ||     3
    Use: Scroll            |       |     3 |    19 ||    22
   Stab: Sleeping          |       |       |     2 ||     2
 Armour: Leather armour    |    17 |       |       ||    17
         Ring mail         |    28 |    28 |       ||    56
         Robe              |       |     4 |    54 ||    58
  Dodge: Dodged            |    79 |    69 |   179 ||   327

Table legend: (Time is in decaauts)
 A = Elapsed time spent in this place.
 B = Non-inter-level travel time spent in this place.
 C = Inter-level travel time spent in this place.
 D = Time resting spent in this place.
 E = Time spent auto-exploring this place.
 F = Levels seen in this place.
 G = Mean time per level.
                   A        B        C        D        E       F      G
               +--------+--------+--------+--------+--------+-----+--------+
         Total |   6825 |   6656 |    169 |    539 |   3905 |  10 |  682.5 |
       Dungeon |   5650 |   5503 |    147 |    503 |   3396 |   7 |  807.1 |
        Temple |    317 |    295 |     22 |      0 |    276 |   1 |  317.0 |
         Sewer |    345 |    345 |      0 |      0 |    138 |   1 |  345.0 |
        Bailey |    511 |    511 |      0 |     36 |     95 |   1 |  511.0 |
               +--------+--------+--------+--------+--------+-----+--------+

Top non-repeatable levels by time:
     D:6: 918 daAuts
     D:2: 896 daAuts
     D:1: 891 daAuts
     D:3: 773 daAuts
     D:4: 742 daAuts
     D:5: 741 daAuts
     D:7: 687 daAuts
  Bailey: 511 daAuts
   Sewer: 345 daAuts
  Temple: 317 daAuts
